 Dungeon Crawl Stone Soup version 0.20-a0-261-gcb1eca7 (webtiles) character file.

594 Coron the Wallflower (level 7, -1/60 HPs)
             Began as a Deep Dwarf Hunter on Dec 4, 2016.
             Was a Follower of Uskayaw.
             Slain by a slave (5 damage)
             ... led by Pikel
             ... on level 4 of the Dungeon.
             The game lasted 00:19:37 (3072 turns).

Coron the Wallflower (Deep Dwarf Hunter)            Turns: 3072, Time: 00:19:37

Health: -1/60      AC:  8    Str: 17    XL:     7   Next: 16%
Magic:  11/11      EV: 10    Int: 12    God:    Uskayaw [*.....]
Gold:   163        SH:  0    Dex: 13    Spells: 6/6 levels left

rFire  + . .     SeeInvis .     p - +0 morningstar
rCold  + . .     Gourm    .     w - +0 scale mail
rNeg   . . .     Faith    .     (no shield)
rPois  +         Spirit   .     (no helmet)
rElec  +         Reflect  .     (no cloak)
rCorr  +         Harm     .     B - +0 pair of gloves
MR     +....                    (no boots)
Stlth  ..........               (no amulet)
                                (no ring)
                                (no ring)

@: resistant, non-regenerating
A: damage resistance, recharge devices, sense surroundings 1, slow regeneration
3
a: Device Recharging, Stomp, Renounce Religion


You were on level 4 of the Dungeon.
You worshipped Uskayaw.
Uskayaw was noncommittal.
You were not hungry.

You visited 1 branch of the dungeon, and saw 4 of its levels.

You collected 163 gold pieces.

Inventory:

Hand Weapons
 a - a +1 hand crossbow
 p - a +0 morningstar (weapon)
 r - a +1 whip of holy wrath
Missiles
 d - 33 bolts
Armour
 c - a +0 leather armour
 w - a +0 scale mail (worn)
 B - a +0 pair of gloves (worn)
Wands
 e - a wand of heal wounds (6/9)
Scrolls
 b - a scroll of fog
 h - 3 scrolls of remove curse
 l - a scroll of blinking
 m - 3 scrolls of identify
 o - a scroll of random uselessness {unknown}
 t - a scroll of fear {unknown}
 x - a scroll of teleportation {unknown}
 y - a scroll of amnesia {unknown}
 C - a scroll of magic mapping {unknown}
Potions
 i - a potion of heal wounds
 q - a potion of mutation {unknown}
 s - a potion of invisibility {unknown}
 u - 2 potions of resistance
 z - a potion of might {unknown}
 A - a potion of flight {unknown}
 D - a potion of agility {unknown}
Comestibles
 f - 2 bread rations
 g - 12 fruits
 j - 2 meat rations
 v - a beef jerky


   Skills:
 - Level 2.0 Fighting
 - Level 5.0 Crossbows
 - Level 4.1 Armour
 - Level 2.1 Dodging
 - Level 1.2 Stealth
 + Level 7.9 Invocations


You had 6 spell levels left.
You didn't know any spells.

Dungeon Overview and Level Annotations

Branches:
Dungeon (4/15)
 Temple: D:4-7

Altars:
Ashenzari
Cheibriados
Fedhas
Kikubaaqudgha
Uskayaw

Annotations:
D:4 Pikel


Innate Abilities, Weirdness & Mutations

You are resistant to damage.
You can recharge devices by infusing magical energy.
You passively map a small area around you.
You do not regenerate.


Message History

Your scale mail prevents you from hitting Pikel.
Pikel is moderately wounded.
Pikel closely misses you. The slave closely misses you. The slave hits you. x2
* * * LOW HITPOINT WARNING * * *
Unknown command.
You barely miss Pikel.
Pikel is moderately wounded.
Pikel barely misses you. The slave barely misses you. The slave hits you.
The slave misses you. Pikel hits you but does no damage.
The slave hits you but does no damage.
Unknown command.
Your scale mail prevents you from hitting Pikel.
Pikel is moderately wounded.
The slave hits you but does no damage. The slave closely misses you.
Pikel barely misses you. The slave hits you!
* * * LOW HITPOINT WARNING * * *
The slave hits you.
* * * LOW HITPOINT WARNING * * *
The slave hits you.
You die...

#..##..###...##..... , ,
, ..####..##.####.....
... ..## ##.....##.....
... ...# #..........#
.... ...####.........#
....! ,
................#*#.>...
.....####......###......
...<.# ##.^...##K......
.....# ##.....@pp.....
.....# #....)pp...... ,
.....# #.....(........
...... ...........#(...
,
.....###...####.(.......
#.... ##........ , ,
..... #........ ,,
..(..... * * ...#### * ,
*


You could see Pikel and 4 slaves.

Vanquished Creatures
  Grinder (D:3)
  Edmund (D:4)
  3 orc wizards (D:3)
  Jessica (D:3)
  Ijyb (D:3)
  An iguana (D:4)
  4 adders
  2 oozes
  A worm (D:3)
  3 dart slugs
  A leopard gecko (D:3)
  9 orcs (D:3)
  8 bats
  3 bat zombies (D:3)
  4 giant cockroaches
  9 goblins
  10 hobgoblins
  5 kobolds
  3 quokkas
  A ball python (D:1)
  4 frilled lizards
  6 rats
  A rat zombie (D:3)
82 creatures vanquished.

Notes
Turn   | Place    | Note
-------+----------+-------------------------------------------
     0 | D:1      | Coron the Deep Dwarf Hunter began the quest for the Orb.
     0 | D:1      | Reached XP level 1. HP: 19/19 MP: 1/1
   155 | D:1      | Reached XP level 2. HP: 26/26 MP: 2/2
   252 | D:1      | Reached skill level 5 in Crossbows
   415 | D:1      | Reached skill level 1 in Armour
   642 | D:1      | Reached XP level 3. HP: 32/32 MP: 3/3
   944 | D:2      | Found a shattered altar of Ashenzari.
  1032 | D:2      | Found a hide-covered altar of Uskayaw.
  1042 | D:2      | Became a worshipper of Uskayaw the Reveler
  1094 | D:2      | Reached * piety under Uskayaw
  1304 | D:2      | Found a snail-covered altar of Cheibriados.
  1481 | D:3      | Reached ** piety under Uskayaw
  1485 | D:3      | Reached XP level 4. HP: 35/39 MP: 4/4
  1488 | D:3      | Reached *** piety under Uskayaw
  1490 | D:3      | Reached **** piety under Uskayaw
  1585 | D:3      | Reached skill level 1 in Invocations
  1678 | D:3      | Reached XP level 5. HP: 37/45 MP: 4/6
  1802 | D:3      | Reached skill level 2 in Invocations
  1836 | D:3      | Found a faded altar of an unknown god.
  1920 | D:3      | Noticed Jessica
  1923 | D:3      | Killed Jessica
  1923 | D:3      | Reached skill level 3 in Invocations
  1950 | D:3      | Noticed Ijyb
  1962 | D:3      | Killed Ijyb
  2051 | D:3      | Found an ancient bone altar of Kikubaaqudgha.
  2100 | D:3      | Found a blossoming altar of Fedhas.
  2226 | D:3      | Reached skill level 4 in Invocations
  2577 | D:3      | Noticed Grinder
  2577 | D:3      | Paralysed by Grinder for 7 turns
  2588 | D:3      | Paralysed by Grinder for 7 turns
  2608 | D:3      | Killed Grinder
  2608 | D:3      | Reached skill level 6 in Invocations
  2608 | D:3      | Reached XP level 6. HP: 43/52 MP: 8/11
  2807 | D:4      | Noticed Pikel
  2807 | D:4      | Noticed a slave
  2807 | D:4      | Noticed a slave
  3030 | D:4      | Reached skill level 7 in Invocations
  3032 | D:4      | Noticed Edmund
  3060 | D:4      | Killed Edmund
  3060 | D:4      | Reached XP level 7. HP: 24/60 MP: 12/12
  3072 | D:4      | Slain by a slave

Vault maps used:
D:1:      tarquinn_simple_flora_water_a
D:2:      evilmike_ruin_ashenzari, eat_drink_and_be_merry_uskayaw,
          kennysheep_slug_shrine
D:3:      lemuel_doored_altar, lemuel_zombie_altar_kikubaaqudgha,
          chequers_ecumenical_altar_simple_redux, uniq_iyjb, uniq_jessica,
          uniq_grinder
D:4:      minitemple, uniq_blork_the_orc, uniq_pikel, uniq_edmund,
          uniq_crazy_yiuf_cottage

Skill      XL: |  1  2  3  4  5  6 |
---------------+-------------------+-----
Fighting       | 2 |  2.0
Crossbows      | 5 |  5.0
Armour         | 1 3 4 |  4.1
Invocations    | 1 6 7 |  7.9
Dodging        | |  2.1
Stealth        | |  1.2

Action                   |  1- 3 |  4- 6 |  7- 9 || total
-------------------------+-------+-------+-------++-------
Melee: Short sword       |    51 |       |       ||    51
       Mace              |    31 |   111 |       ||   142
       Morningstar       |       |    68 |     7 ||    75
       Whip              |       |     1 |       ||     1
 Fire: Hand crossbow     |    37 |    47 |       ||    84
 Abil: Device Recharging |       |       |     1 ||     1
Evoke: Wand              |       |     5 |       ||     5
  Use: Scroll            |     1 |     4 |       ||     5
       Potion            |       |     3 |     1 ||     4
 Stab: Distracted        |     1 |       |       ||     1
       Sleeping          |     1 |       |       ||     1
       Paralysed         |       |     2 |       ||     2
  Eat: Chunk             |     2 |     5 |       ||     7
Armor: Leather armour    |    12 |       |       ||    12
       Ring mail         |    15 |    73 |       ||    88
       Scale mail        |       |     3 |     5 ||     8
Dodge: Dodged            |    67 |   157 |     9 ||   233
